 Dungeon Crawl Stone Soup version 0.30-a0-347-gf58ed5266c (webtiles) character file.

Game seed: 2284114117101925117

22154 porpoise the Carver (level 12, -9/89 HPs)
             Began as a Demonspawn Monk on Nov 6, 2022.
             Was a High Priest of Hepliaklqana.
             Mangled by a three-headed hydra simulacrum (12 damage)
             ... in an ice cave.
             The game lasted 01:08:24 (13684 turns).

porpoise the Carver (Demonspawn Monk)              Turns: 13684, Time: 01:08:25

Health: -9/89      AC: 14    Str: 14    XL:     12   Next: 60%
Magic:  16/16      EV: 13    Int: 11    God:    Hepliaklqana [*****.]
Gold:   837        SH: 15    Dex: 19    Spells: 6/11 levels left

rFire   + . .      SeeInvis .    a - +8 whip "Snakebite" {venom, curare, rPois}
rCold   + + .      Faith    .    F - +0 buckler
rNeg    . . .      Spirit   .    i - +1 ring mail {rPois}
rPois   +          Reflect  +    x - +1 helmet
rElec   .          Harm     .    K - scarf {rC+ rF+}
rCorr   .          Rampage  .    D - +0 pair of gloves
Will    +....                    W - +0 pair of boots
Stlth   ++........               M - amulet of reflection
HPRegen 0.34/turn                j - ring of willpower
MPRegen 0.15/turn                g - ring of protection from cold

@: slowed, very slow
A: reduced essence, molten scales 2, condensation shield, demonic magic 3,
demonic touch 2, mutation resistance 1, poison resistance
a: Renounce Religion, Recall Ancestor, Ancestor Identity, Transference, Idealise


You were in an ice cave.
You worshipped Hepliaklqana.
Hepliaklqana was extremely pleased with you.
You visited 3 branches of the dungeon, and saw 14 of its levels.
You also visited: Ice Cave.

You collected 837 gold pieces.

Inventory:

Hand Weapons
 a - the +8 whip "Snakebite" (weapon) {venom, curare, rPois}
   (You took it off Amaemon on level 1 of the Lair of Beasts)

   It poisons the flesh of those it strikes.
   It occasionally inflicts asphyxiating poison on those it strikes, dealing
   poison damage and causing slowness.
   rPois:     It protects you from poison.
 b - the +7 sling "Onogafasch" {antimagic, rF+ rC+ rN+ Stlth+}
   (You found it on level 3 of the Dungeon)

   It reduces the magical energy of the wielder, and disrupts the spells and
   magical abilities of those it strikes.
   Natural abilities and divine invocations are not affected.
   rF:        It protects you from fire.
   rC:        It protects you from cold.
   rN:        It protects you from negative energy.
   Stlth:     It makes you more stealthy.
Missiles
 f - 3 atropa-tipped darts (quivered)
Armour
 i - a +1 ring mail of poison resistance (worn)
 x - a +1 helmet (worn)
 D - a +0 pair of gloves (worn)
 F - a +0 buckler (worn)
 K - a scarf of resistance (worn)
 W - a +0 pair of boots (worn)
Jewellery
 g - a ring of protection from cold (right hand)
 j - a ring of willpower (left hand)
 M - an amulet of reflection (around neck)
Wands
 q - a wand of quicksilver (5)
 G - a wand of roots (8)
 R - a wand of paralysis (10)
 V - a wand of mindburst (19)
Scrolls
 d - 5 scrolls of teleportation
 e - a scroll of silence {unknown}
 t - 6 scrolls of fear
 y - a scroll of vulnerability
 z - 2 scrolls of poison
 P - 2 scrolls of blinking
Potions
 c - 5 potions of ambrosia
 h - 4 potions of curing
 k - a potion of magic {unknown}
 I - a potion of lignification
 L - 2 potions of resistance
 O - 3 potions of attraction
 Q - a potion of might


   Skills:
 - Level 10.8 Fighting
 - Level 11.0 Long Blades
 * Level 5.4 Maces & Flails
 - Level 8.0 Ranged Weapons
 - Level 5.0 Armour
 - Level 5.0 Dodging
 - Level 1.7 Stealth
 - Level 5.0 Shields
 + Level 6.2 Invocations


You had 6 spell levels left.
You knew the following spells:

 Your Spells              Type           Power      Damage    Failure   Level
a - Confusing Touch       Hex            0%         N/A       95%         3
k - Blink                 Tloc           0%         N/A       78%         2

Your spell library contained the following spells:

 Spells                   Type           Power      Damage    Failure   Level
 Freeze                   Ice            0%         1d3       65%         1
 Slow                     Hex            0%         N/A       65%         1
 Cigotuvi's Dreadful Rot  Necr/Pois/Air  0%         N/A       78%         2
 Poisonous Vapours        Pois/Air       0%         N/A       78%         2
 Frozen Ramparts          Ice            0%         1d1       95%         3
 Hailstorm                Conj/Ice       0%         3d3       95%         3
 Mephitic Cloud           Conj/Pois/Air  0%         N/A       95%         3
 Vampiric Draining        Necr           0%         2d6       95%         3
 Manifold Assault         Tloc           0%         N/A       100%        4
 Storm Form               Tmut/Air       0%         N/A       100%        7


Dungeon Overview and Level Annotations

Branches:
Dungeon (11/15)            Temple (1/1) D:7            Lair (2/5) D:11
    Orc (0/2) D:10          IceCv (1/1)
  Swamp: Lair:2-3    Shoals: Lair:2-3     Snake: Lair:2-3    Spider: Lair:2-3

Altars:
Ashenzari
Cheibriados
Dithmenos
Fedhas
Gozag
Hepliaklqana
Kikubaaqudgha
Makhleb
Nemelex Xobeh
Okawaru
Qazlal
Ru
Sif Muna
Trog
Uskayaw
Vehumet
Wu Jian
Xom
Yredelemnul

Annotations:
D:4 1 runed translucent door, Shayle's ghost, amateur NaRe
D:9 2 transporters, purpskrrrp's ghost, novice TrTm
D:10 3 runed translucent doors, bande's ghost, novice GrFi


Innate Abilities, Weirdness & Mutations

Your life essence is reduced to manifest your ancestor. (-10% HP)
You are mostly covered in molten scales. (AC +3)
A meltable shield of frost defends you. (SH +4)
Spells you cast and wands you use may paralyse nearby enemies.
Your touch may inflict irresistible damage on your foes.
You are somewhat resistant to further mutation.
Your system is resistant to poisons. (rPois)


Message History

The three-headed hydra simulacrum bites you.
The three-headed hydra simulacrum freezes you!
You resist.
The three-headed hydra simulacrum bites you but does no damage.
Niki hits the freezing wraith with a +0 dagger of draining!
Niki hits the freezing wraith with a +0 dagger of draining.
You block the freezing wraith's attack. The freezing wraith hits you.
The freezing wraith drains your vigour!
You feel as though you will be slow longer.
Niki hits the freezing wraith but does no damage.
The three-headed hydra simulacrum bites you but does no damage.
The three-headed hydra simulacrum closely misses you.
You block the three-headed hydra simulacrum's attack.
You hit the freezing wraith but do no damage.
The freezing wraith is moderately damaged.
Niki hits the freezing wraith with a +0 dagger of draining!
The freezing wraith hits you. The freezing wraith freezes you! You resist.
The freezing wraith barely misses you.
Niki hits the freezing wraith with a +0 dagger of draining.
The three-headed hydra simulacrum bites you.
The three-headed hydra simulacrum freezes you.
You resist.
The three-headed hydra simulacrum completely misses you.
The three-headed hydra simulacrum bites you but does no damage.
Niki hits the freezing wraith but does no damage.
You hit the freezing wraith but do no damage.
The freezing wraith is heavily damaged.
The freezing wraith closely misses you. You block the freezing wraith's attack.
Niki closely misses the freezing wraith.
Niki hits the freezing wraith with a +0 dagger of draining.
The three-headed hydra simulacrum bites you!
* * * LOW HITPOINT WARNING * * *
The three-headed hydra simulacrum freezes you!
You resist.
* * * LOW HITPOINT WARNING * * *
The three-headed hydra simulacrum bites you!
* * * LOW HITPOINT WARNING * * *
The three-headed hydra simulacrum freezes you!
You resist.
You die...

##. # #... ##
##... ##. ###...
##.. ##...#
####... #.Z.#
##...... #@W###
##....### #..R.##
#...### #
##....## #..##
#..#...###...#
≈≈≈≈###...###..##
##≈≈≈
##...###..## ####
##...###..##
###.......#
###....##


You could see the friendly Niki the hexer, a freezing wraith (ally target) and a
three-headed hydra simulacrum.

Vanquished Creatures
  A boulder beetle (Lair:1)
  2 two-headed ogres
  Amaemon (Lair:1)
  Nergalle (Lair:1)
  An ugly thing (D:11)
  2 cyclopes (D:11)
  An orange demon (Lair:1)
  A cane toad (Lair:1)
  Maggie (D:8)
  A kobold demonologist (D:9)
  A rime drake (Lair:1)
  An ice devil (IceCv)
  A hornet (D:11)
  2 trolls (D:11)
  2 polar bears (Lair:1)
  Prince Ribbit (D:5)
  3 slime creatures
  25 yaks
  2 vampires (D:11)
  2 wraiths (D:11)
  2 wyverns
  A steam dragon (D:10)
  A basilisk (Lair:1)
  Menkaure (D:5)
  2 death yak simulacra (IceCv)
  A warg (D:11)
  An acid dragon (D:11)
  Duvessa (D:4)
  A water moccasin (Lair:1)
  3 orc warriors
  An ice beast (D:6)
  A sky beast (D:6)
  A black bear (D:5)
  8 centaurs
  A phantom (D:5)
  Blork the orc (D:4)
  A bullfrog (D:8)
  2 necrophages
  2 cane toad simulacra (IceCv)
  2 gnoll sergeants (D:11)
  2 scorpions (D:6)
  2 two-headed ogre simulacra (IceCv)
  6 wights
  Dowan (D:4)
  An elephant simulacrum (IceCv)
  13 killer bees
  4 howler monkeys
  3 hounds
  A jelly (D:5)
  8 orc priests
  2 hexers
  An iguana (D:5)
  Natasha (thrice) (D:4)
  A polar bear simulacrum (IceCv)
  A spriggan simulacrum (IceCv)
  4 hell rats (Lair:1)
  8 orc wizards
  A wolf simulacrum (IceCv)
  Robin (D:4)
  5 gnolls (D:10)
  8 adders
  2 naga simulacra (IceCv)
  A shadow imp (D:5)
  A white imp (D:8)
  2 ufetubi
  3 worms
  3 dart slugs
  30 orcs
  8 ball pythons
  7 bats
  4 endoplasms
  3 giant cockroaches
  8 goblins
  10 hobgoblins
  2 jackals (D:4)
  6 kobolds
  2 quokkas
  2 frilled lizards
  8 rats
264 creatures vanquished.

Vanquished Creatures (collateral kills)
  2 two-headed ogres (D:11)
  A cane toad (Lair:1)
  An ice devil (IceCv)
  A polar bear (Lair:1)
  A hornet (D:9)
  3 slime creatures (D:10)
  2 yaks (Lair:1)
  A wyvern (D:8)
  2 wargs (D:11)
  An acid dragon (D:10)
  An ice beast (D:7)
  A centaur (D:11)
  A phantom (D:7)
  A bullfrog (D:7)
  A cane toad simulacrum (IceCv)
  5 wights
  An elephant simulacrum (IceCv)
  A killer bee (D:8)
  A howler monkey (D:11)
  A gnoll bouda (D:10)
  2 orc wizards
  2 hell rats (Lair:1)
  4 orcs (D:11)
37 creatures vanquished.

Vanquished Creatures (others)
  5 hexers
  3 plants
8 creatures vanquished.

Grand Total: 309 creatures vanquished

Notes
Turn   | Place    | Note
-------+----------+-------------------------------------------
     0 | D:1      | porpoise the Demonspawn Monk began the quest for the Orb.
     0 | D:1      | Reached XP level 1. HP: 18/18 MP: 1/1
   258 | D:1      | Reached skill level 3 in Long Blades
   309 | D:1      | Gained mutation: Your touch may inflict minor irresistible
                  | damage on your foes. [demonic ancestry]
   309 | D:1      | Reached XP level 2. HP: 20/24 MP: 2/2
   682 | D:1      | Gained mutation: Your touch may inflict irresistible damage
                  | on your foes. [demonic ancestry]
   682 | D:1      | Reached XP level 3. HP: 29/29 MP: 3/3
  1443 | D:3      | Reached skill level 4 in Long Blades
  1459 | D:3      | Identified the +7 sling "Onogafasch" {antimagic, rF+ rC+
                  | rN+ Stlth+}
  1486 | D:3      | Found a faded altar of an unknown god.
  1511 | D:3      | Gained mutation: Spells you cast may paralyse adjacent
                  | enemies. [demonic ancestry]
  1511 | D:3      | Reached XP level 4. HP: 37/37 MP: 1/4
  1539 | D:3      | Found an iron altar of Okawaru.
  2091 | D:4      | Found a sacrificial altar of Ru.
  2091 | D:4      | Noticed Blork the orc
  2117 | D:4      | Killed Blork the orc
  2118 | D:4      | Gained mutation: You are partially covered in molten
                  | scales. (AC +2) [demonic ancestry]
  2118 | D:4      | Reached XP level 5. HP: 16/42 MP: 1/5
  2305 | D:4      | Noticed Duvessa
  2311 | D:4      | Noticed Dowan
  2319 | D:4      | Noticed Natasha
  2326 | D:4      | Gained mutation: Your system is resistant to poisons.
                  | (rPois) [potion of mutation]
  2326 | D:4      | Gained mutation: You are somewhat resistant to further
                  | mutation. [potion of mutation]
  2328 | D:4      | Killed Duvessa
  2329 | D:4      | Reached skill level 5 in Long Blades
  2329 | D:4      | Gained mutation: You are mostly covered in molten scales.
                  | (AC +3) [demonic ancestry]
  2329 | D:4      | Reached XP level 6. HP: 20/49 MP: 1/6
  2332 | D:4      | Killed Natasha
  2333 | D:4      | Killed Dowan
  2457 | D:4      | Found a basalt altar of Yredelemnul.
  2767 | D:4      | Noticed Robin
  2785 | D:4      | Killed Robin
  2836 | D:4      | Found a runed translucent door.
  2837 | D:4      | Noticed Shayle's ghost (amateur NaRe)
  3006 | D:4      | Noticed Natasha
  3011 | D:4      | Killed Natasha
  3012 | D:4      | Reached skill level 5 in Fighting
  3012 | D:4      | Reached skill level 6 in Long Blades
  3596 | D:4      | Noticed Natasha
  3600 | D:4      | Killed Natasha
  3635 | D:5      | Entered Level 5 of the Dungeon
  3635 | D:5      | Noticed Menkaure
  3666 | D:5      | Reached skill level 1 in Ranged Weapons
  3666 | D:5      | Reached XP level 7. HP: 56/56 MP: 2/7
  3770 | D:5      | Killed Menkaure
  4009 | D:5      | Noticed Prince Ribbit
  4022 | D:5      | Killed Prince Ribbit
  4023 | D:5      | Reached XP level 8. HP: 64/64 MP: 2/8
  4178 | D:5      | Found a shimmering blue altar of Sif Muna.
  4615 | D:6      | Reached skill level 5 in Ranged Weapons
  4929 | D:6      | Learned a level 3 spell: Confusing Touch
  5417 | D:7      | Identified the +5 mace of Loifi {vorpal, Contam rPois SInv}
  5617 | D:7      | Found a staircase to the Ecumenical Temple.
  5631 | Temple   | Entered the Ecumenical Temple
  5660 | Temple   | Became a worshipper of Hepliaklqana the Forgotten
  5660 | Temple   | Reached * piety under Hepliaklqana
  5660 | Temple   | Reached ** piety under Hepliaklqana
  5661 | Temple   | Remembered your ancestor Niki as a hexer
  5697 | D:7      | Reached skill level 1 in Armour
  5846 | D:7      | Gained mutation: Spells you cast may paralyse nearby
                  | enemies. [demonic ancestry]
  5846 | D:7      | Reached XP level 9. HP: 61/64 MP: 2/9
  6190 | D:7      | Found a shadowy altar of Dithmenos.
  6192 | D:7      | Found an ancient bone altar of Kikubaaqudgha.
  6706 | D:8      | Noticed Maggie
  6713 | D:8      | Killed Maggie
  6849 | D:8      | Reached skill level 1 in Shields
  7113 | D:8      | Reached XP level 10. HP: 68/71 MP: 10/10
  7116 | D:8      | Reached skill level 5 in Armour
  7452 | D:8      | Found a snail-covered altar of Cheibriados.
  7571 | D:9      | Reached skill level 7 in Long Blades
  7605 | D:9      | Noticed a two-headed ogre
  7613 | D:9      | Killed a two-headed ogre
  7677 | D:9      | Found a transporter.
  7679 | D:9      | Reached *** piety under Hepliaklqana
  7681 | D:9      | Noticed purpskrrrp's ghost (novice TrTm)
  7687 | D:9      | Noticed a purple ugly thing
  7693 | D:9      | Found a transporter.
  7762 | D:9      | Found a stormy altar of Qazlal.
  7846 | D:9      | Found a sparkling altar of Nemelex Xobeh.
  8277 | D:9      | Noticed an orange demon
  8643 | D:10     | Entered Level 10 of the Dungeon
  8726 | D:10     | Reached skill level 8 in Long Blades
  8726 | D:10     | Reached skill level 5 in Shields
  8886 | D:10     | Found a runed translucent gate.
  8886 | D:10     | Found a runed translucent gate.
  8886 | D:10     | Found a runed translucent gate.
  8891 | D:10     | Noticed bande's ghost (novice GrFi)
  8894 | D:10     | Identified the +9 halberd "Nilegh" {holy, rC+ Dex+2 SInv}
  8895 | D:10     | Identified the +4 ring mail of Ujibemm {rN+}
  9047 | D:10     | Reached skill level 5 in Dodging
  9236 | D:10     | Reached **** piety under Hepliaklqana
  9360 | D:10     | Gained mutation: A meltable shield of frost defends you.
                  | (SH +4) [demonic ancestry]
  9360 | D:10     | Reached XP level 11. HP: 67/76 MP: 4/11
  9389 | D:10     | Found a staircase to the Orcish Mines.
  9819 | D:11     | Reached skill level 9 in Long Blades
  9918 | D:11     | Identified the +4 chain mail of the Untouchables {rF+
                  | Will+}
 10004 | D:11     | Noticed a two-headed ogre
 10194 | D:11     | Killed a two-headed ogre
 10213 | D:11     | Noticed a two-headed ogre
 10219 | D:11     | Killed a two-headed ogre
 10375 | D:11     | Noticed a two-headed ogre
 10385 | D:11     | Reached skill level 10 in Long Blades
 10398 | D:11     | Killed a two-headed ogre
 10959 | D:11     | Noticed a cyan ugly thing
 10974 | D:11     | Reached skill level 10 in Fighting
 10994 | D:11     | Killed a cyan ugly thing
 11138 | D:11     | Found a staircase to the Lair.
 11374 | D:11     | Gained mutation: Spells you cast and wands you use may
                  | paralyse nearby enemies. [demonic ancestry]
 11374 | D:11     | Reached XP level 12. HP: 83/89 MP: 10/12
 11875 | Lair:1   | Entered Level 1 of the Lair of Beasts
 11875 | Lair:1   | Noticed Amaemon
 11882 | Lair:1   | Reached skill level 1 in Invocations
 11898 | Lair:1   | Killed Amaemon
 11899 | Lair:1   | Reached skill level 11 in Long Blades
 11955 | Lair:1   | Reached skill level 1 in Maces & Flails
 11993 | Lair:1   | Noticed a boulder beetle
 12006 | Lair:1   | Killed a boulder beetle
 12058 | Lair:1   | Reached ***** piety under Hepliaklqana
 12120 | Lair:1   | Noticed Nergalle
 12140 | Lair:1   | Killed Nergalle
 12454 | Lair:1   | Reached skill level 5 in Invocations
 13003 | Lair:1   | Learned a level 2 spell: Blink
 13007 | Lair:1   | Identified the +1 robe of Narcissism {rF- Str+7}
 13388 | Lair:2   | Found a frozen archway.
 13399 | IceCv    | Entered an ice cave
 13452 | IceCv    | Reached skill level 5 in Maces & Flails
 13684 | IceCv    | HP: 3/89 [three-headed hydra simulacrum (10)]
 13684 | IceCv    | Mangled by a three-headed hydra simulacrum

Illustrated notes

Levels and vault maps discovered:
D:1:      scummos_arrival_gate, layout_basic
D:2:      layout_rooms, roderic_three_in_a_row
D:3:      layout_loops_ring, okawaru_trees_1, basic_ecumenical_altar
D:4:      layout_basic, nicolae_ru_great_annihilating_truth, old_standard_altar,
          ebering_ghost_reflecting_pool, uniq_blork_the_orc, uniq_natasha,
          uniq_robin, uniq_duvessa
D:5:      layout_cave_pools, nicolae_sif_muna_little_library, uniq_menkaure,
          uniq_prince_ribbit1
D:6:      layout_loops_ring
D:7:      layout_basic, nicolae_overflow_squiral, minmay_temple_entry_arrows
D:8:      layout_loops_cross, mainiacjoe_overflow_alcove_4,
          kennysheep_slug_shrine, uniq_maggie
D:9:      layout_loops_cross, lemuel_tele_altar, nemelex_spade_bored_becter,
          gammafunk_ghost_arena, serial_glass, glass_columns_b, glass_columns_c,
          glass_columns_a, glass_columns_b
D:10:     layout_cave_pools, orc_0_dummy, biasface_ghost_orc_armoury,
          grunt_ministairs_12
D:11:     minmay_s_stair_smasher, layout_basic, erik_lair_orcish_takeover,
          grunt_ministairs_2
Temple:   hellmonk_temple_two_chambers
Lair:1:   layout_hall_layers, cheibrodos_lair_lostbears, serial_bayou_shore_a,
          uniq_nergalle, uniq_amaemon
Lair:2:   layout_roguey, portal_ice_cave_entry_ice_simulacra
IceCv:    ice_cave_small_necro

Skill      XL: |  1  2  3  4  5  6  7  8  9 10 11 12 |
---------------+-------------------------------------+-----
Long Blades    | 3 4 5 6 8 10 11 | 11.0
Fighting       | 4 5 6 7 10 | 10.8
Ranged Weapons | 1 4 7 8 |  8.0
Armour         | 1 4 5 |  5.0
Shields        | 3 5 |  5.0
Dodging        | 5 |  5.0
Invocations    | 6 |  6.2
Maces & Flails | 5 |  5.4
Stealth        | |  1.7

Action                   |  1- 3 |  4- 6 |  7- 9 | 10-12 || total
-------------------------+-------+-------+-------+-------++-------
Melee: Falchion          |    96 |    46 |       |       ||   142
       Touch             |    16 |    11 |     4 |       ||    31
       Dagger            |       |       |   180 |   470 ||   650
       Scimitar          |       |       |       |    22 ||    22
       Whip              |       |       |       |   108 ||   108
 Fire: Sling             |     1 |    82 |   173 |   212 ||   468
Throw: Boomerang         |     8 |     2 |     4 |       ||    14
       Dart              |       |       |       |     5 ||     5
       Javelin           |       |       |       |     3 ||     3
Invok: Ancestor Life: He |       |       |     1 |       ||     1
       Ancestor Identity |       |       |     1 |       ||     1
       Idealise          |       |       |       |     1 ||     1
Evoke: Wand              |       |       |       |     9 ||     9
  Use: Potion            |       |     4 |       |     3 ||     7
       Scroll            |       |       |    11 |    11 ||    22
 Stab: Sleeping          |     2 |       |     1 |       ||     3
       Invisible         |       |     1 |       |       ||     1
       Confused          |       |       |     6 |    18 ||    24
       Distracted        |       |       |     1 |    12 ||    13
       Paralysed         |       |       |       |     7 ||     7
Armor: Robe              |     2 |       |       |       ||     2
       Ring mail         |    27 |    51 |    96 |   120 ||   294
       Leather armour    |     2 |       |       |       ||     2
Dodge: Dodged            |    49 |    60 |   116 |   205 ||   430
Block: Buckler           |       |       |    57 |   360 ||   417
       Reflection        |       |       |       |    14 ||    14

Table legend: (Time is in decaauts)
 A = Elapsed time spent in this place.
 B = Non-inter-level travel time spent in this place.
 C = Inter-level travel time spent in this place.
 D = Time resting spent in this place.
 E = Time spent auto-exploring this place.
 F = Levels seen in this place.
 G = Mean time per level.
                   A        B        C        D        E       F      G
               +--------+--------+--------+--------+--------+-----+--------+
         Total |  13624 |  12945 |    679 |   3150 |   6870 |  15 |  908.3 |
       Dungeon |  11773 |  11139 |    634 |   2619 |   6100 |  11 | 1070.3 |
        Temple |     39 |     31 |      8 |      0 |     10 |   1 |   39.0 |
          Lair |   1524 |   1488 |     36 |    391 |    712 |   2 |  762.0 |
      Ice Cave |    286 |    286 |      0 |    140 |     48 |   1 |  286.0 |
               +--------+--------+--------+--------+--------+-----+--------+

Top non-repeatable levels by time:
    D:11: 2061 daAuts
     D:4: 1643 daAuts
  Lair:1: 1426 daAuts
     D:7: 1168 daAuts
     D:9: 1108 daAuts
    D:10: 1062 daAuts
     D:8: 947 daAuts
     D:6: 933 daAuts
     D:1: 821 daAuts
     D:5: 818 daAuts
     D:3: 634 daAuts
     D:2: 573 daAuts
   IceCv: 286 daAuts
  Lair:2: 97 daAuts
  Temple: 39 daAuts
